 Dungeon Crawl Stone Soup version 0.19-a0-1007-g133f65f (webtiles) character file.

58 Duffy the Shield-Bearer (level 4, -3/35 HPs)
             Began as a Formicid Fighter on July 19, 2016.
             Slain by a worm (8 damage)
             ... on level 2 of the Dungeon.
             The game lasted 00:00:21 (128 turns).

Duffy the Shield-Bearer (Formicid Fighter)           Turns: 128, Time: 00:00:22

Health: -3/35      AC:  6    Str: 22    XL:     4   Next: 20%
Magic:  4/4        EV:  8    Int:  7    God:
Gold:   20         SH: 10    Dex: 10    Spells: 0 memorised, 3 levels left

rFire  . . .     SeeInvis +     a - +0 war axe
rCold  . . .     Gourm    .     b - +0 scale mail
rNeg   . . .     Faith    .     c - +0 shield
rPois  .         Spirit   .     (helmet unavailable)
rElec  .         Dismiss  .     (no cloak)
rCorr  .         Reflect  .     (no gloves)
SustAt .         Harm     .     (no boots)
MR     .....                    (no amulet)
Stlth  ..........               (no ring)
                                (no ring)

@: not resistant to hostile enchantments, extremely unstealthy
A: permanent stasis, dig shafts and tunnels, four strong arms, antennae 3
a: Dig, Shaft Self


You were on level 2 of the Dungeon.
You were not hungry.

You visited 1 branch of the dungeon, and saw 2 of its levels.

You collected 20 gold pieces.


Innate Abilities, Weirdness & Mutations

You are under a permanent stasis effect.
You can dig through walls and to a lower floor.
Your four strong arms can wield two-handed weapons with a shield.
You have a pair of large antennae on your head. (SInv)


   Skills:
 - Level 3.2 Fighting
 + Level 3.1 Axes
 - Level 3.2 Armour
 + Level 4.8 Shields


You had 3 spell levels left.
You didn't know any spells.

Inventory:

Hand Weapons
 a - a +0 war axe (weapon)
Armour
 b - a +0 scale mail (worn)
 c - a +0 shield (worn)
Potions
 d - a potion of might
Comestibles
 f - a bread ration

Dungeon Overview and Level Annotations

Branches:
Dungeon (2/15)

Altars:


Message History

You are too injured to fight recklessly!
You are too injured to fight recklessly!
You are too injured to fight recklessly!
You are too injured to fight recklessly!
You are too injured to fight recklessly!
You are too injured to fight recklessly!
You are too injured to fight recklessly!
You are too injured to fight recklessly!
You are too injured to fight recklessly!
You are too injured to fight recklessly!
You are too injured to fight recklessly!
You are too injured to fight recklessly!
You are too injured to fight recklessly!
You are too injured to fight recklessly!
You are too injured to fight recklessly!
You are too injured to fight recklessly!
You hit Natasha.
Natasha is moderately wounded.
Natasha claws you but does no damage.
You hit Natasha.
Natasha is heavily wounded.
Natasha mumbles some strange words.
You barely miss Natasha.
Natasha is heavily wounded.
Natasha casts a spell at you. The magic dart hits you! Natasha claws you.
You miss Natasha.
Natasha is heavily wounded.
Natasha barely misses you.
Your scale mail prevents you from hitting Natasha.
Natasha is heavily wounded.
Natasha stares at you and mumbles some strange words.
The magic dart hits you! Natasha claws you but does no damage.
You hit Natasha.
Natasha is heavily wounded.
You block Natasha's attack.
You slash Natasha!
You kill Natasha!
Natasha yowls pathetically as she dies!
Your Axes skill increases to level 3!
You have reached level 4!
You feel stronger.
A worm is nearby!
You slash the worm!
The worm is severely wounded.
You block the worm's attack.
Your shield prevents you from hitting the worm.
The worm is severely wounded.
The worm bites you!
You die...

### #@##
##w# ##.##
#.####.####
#.........#
########..#
#....#[#
#.##.#.#
#.{#.#


You could see a worm.

Action                   |  1- 3 |  4- 6 || total
-------------------------+-------+-------++-------
Melee: War axe           |    40 |     2 ||    42
 Abil: Dig               |     2 |       ||     2
Armor: Scale mail        |    14 |       ||    14
Dodge: Dodged            |    14 |       ||    14
Block: Shield            |    22 |     1 ||    23

Notes
Turn   | Place    | Note
-------+----------+-------------------------------------------
     0 | D:1      | Duffy the Formicid Fighter began the quest for the Orb.
     0 | D:1      | Reached XP level 1. HP: 18/18 MP: 1/1
    68 | D:2      | Noticed Natasha
    71 | D:2      | Noticed Ijyb
   102 | D:2      | Reached XP level 2. HP: 24/24 MP: 2/2
   107 | D:2      | Killed Ijyb
   107 | D:2      | Reached skill level 4 in Shields
   107 | D:2      | Reached XP level 3. HP: 27/29 MP: 3/3
   126 | D:2      | Killed Natasha
   126 | D:2      | Reached skill level 3 in Axes
   126 | D:2      | Reached XP level 4. HP: 4/35 MP: 4/4
   128 | D:2      | Slain by a worm

Skill      XL: |  1  2  3 |
---------------+----------+-----
Shields        | 4 |  4.8
Axes           | 3 |  3.1
Fighting       | |  3.2
Armour         | |  3.2

Vault maps used:
D:1:      saegor_arrival_simple_d
D:2:      ecumenical_altar_1, uniq_iyjb, uniq_robin, uniq_natasha

Vanquished Creatures
  Natasha Ijyb
  A dart slug
  A bat
  A goblin
  A kobold
6 creatures vanquished.
